 Dungeon Crawl Stone Soup version 0.28-a0-793-g31680bbd8b (webtiles) character file.

Game seed: 10280492132457415515

420 Essalna the Firebug (level 6, -3/33 HPs)
             Began as a Gargoyle Fire Elementalist on Nov 5, 2021.
             Was an Initiate of Vehumet.
             Killed by divine providence
             ... invoked by an orc priest
              (10 damage)
             ... on level 4 of the Dungeon.
             The game lasted 00:09:10 (4473 turns).

Essalna the Firebug (Gargoyle Fire Elementalist)    Turns: 4473, Time: 00:09:11

Health: -3/33      AC:  7    Str: 12    XL:     6   Next: 94%
Magic:  8/11       EV: 11    Int: 17    God:    Vehumet [......]
Gold:   124        SH:  3    Dex: 10    Spells: 7/12 levels left

rFire   + . .      SeeInvis .   (no weapon)
rCold   . . .      Faith    .   h - +0 buckler
rNeg    + . .      Spirit   .   a - +0 robe
rPois   ∞          Reflect  .   (no helmet)
rElec   +          Harm     .   (no cloak)
rCorr   .          Rampage  .   m - +0 pair of gloves
Will    .....                   (no boots)
Stlth   ++........              (no amulet)
HPRegen 0.11/turn               b - ring of protection from cold
MPRegen 0.12/turn               p - ring of fire

@: no status effects
A: sickness immunity, AC +4, negative energy resistance 1, electricity
resistance, torment resistance 1, petrification resistance
a: Renounce Religion


You were on level 4 of the Dungeon.
You worshipped Vehumet.
Vehumet was noncommittal.
You visited 2 branches of the dungeon, and saw 5 of its levels.

You collected 124 gold pieces.

Inventory:

Hand Weapons
 s - the +3 whip of Watchfulness {vamp, Int+4}
   (You found it on level 4 of the Dungeon)

   It occasionally heals its wielder for a portion of the damage dealt when it
   wounds a living foe.
   Int:       It affects your intelligence (+4).
Missiles
 n - a throwing net
Armour
 a - a +0 robe (worn)
 h - a +0 buckler (worn)
 m - a +0 pair of gloves (worn)
Jewellery
 b - a ring of protection from cold (left hand)
 p - a ring of fire (right hand)
 r - a +6 ring of strength
Scrolls
 g - 3 scrolls of teleportation
 q - a scroll of identify
Potions
 e - a potion of curing
 f - a potion of mutation {unknown}
 i - a potion of lignification {unknown}
 k - a potion of brilliance {unknown}
 o - a potion of attraction {unknown}


   Skills:
 + Level 0.6 Fighting
 + Level 0.5 Armour
 + Level 1.7 Dodging
 - Level 2.1 Stealth
 + Level 0.6 Shields
 + Level 3.9 Spellcasting
 + Level 4.2 Conjurations
 + Level 4.9 Fire Magic


You had 7 spell levels left.
You knew the following spells:

 Your Spells              Type           Power      Damage    Failure   Level
a - Foxfire               Conj/Fire      100%       2x1d9     3%          1
b - Flame Wave            Conj/Fire      28%        3d7       36%         4

Your spell library contained the following spells:

 Spells                   Type           Power      Damage    Failure   Level
 Scorch                   Fire           60%        2d8       4%          2
 Conjure Flame            Conj/Fire      28%        6-21      11%         3
 Inner Flame              Hex/Fire       17%        N/A       26%         3


Dungeon Overview and Level Annotations

Branches:
Dungeon (4/15)             Temple (1/1) D:4

Altars:
Ashenzari
Cheibriados
Elyvilon
Gozag
Hepliaklqana
Kikubaaqudgha
Makhleb
Nemelex Xobeh
Okawaru
Qazlal
Uskayaw
Vehumet
The Shining One

Shops:
D:4 =:=


Innate Abilities, Weirdness & Mutations

You are immune to sickness and miasma.
Your stone body is resilient. (AC +4)
You are immune to poison.
You resist negative energy. (rN+)
You are resistant to electric shocks. (rElec)
You are resistant to unholy torment.
You are immune to petrification.


Message History

The orc priest is moderately wounded.
An orc comes into view.
It is wielding a +0 short sword of holy wrath.
You feel a surge of power!
You conjure some foxfire!
Your foxfire dissipates!
The foxfire hits the orc warrior.
The orc warrior is lightly wounded.
The foxfire hits the orc warrior but does no damage.
The orc warrior is lightly wounded.
The foxfire hits the orc warrior.
The orc warrior is lightly wounded.
You feel a surge of power!
You conjure some foxfire!
The foxfire hits the orc warrior but does no damage.
The orc warrior is lightly wounded.
The foxfire hits the orc warrior!
The orc warrior is heavily wounded.
The foxfire hits the orc warrior but does no damage.
The orc warrior is heavily wounded.
The foxfire hits the orc warrior.
The orc warrior is heavily wounded.
The orc priest calls upon Beogh to heal the orc warrior.
The orc warrior is healed somewhat.
The orc priest mumbles some strange prayers to Beogh against you.
Beogh smites you!
An orc warrior is nearby!
An orc wizard comes into view. It is wielding a +0 dagger.
The orc wizard moves out of view.
Found 3 gold pieces.
A jackal comes into view.
The jackal barks!
You hear a bark!
A jackal comes into view.
The orc priest calls down the wrath of Beogh upon you.
Beogh smites you!
You open the door.
A jackal comes into view.
The orc warrior hits you with a +0 short sword.
* * * LOW HITPOINT WARNING * * *
There is an open door here.
The orc priest mumbles some strange prayers to Beogh against you.
Beogh smites you!
You die...

......[# #...... .......# #......
.......# #...... .......# #...(..
....o..# ### #######
.......############## #.###.#..#.
...#............h.h$h #.....#..#.
.⌠.#.....o..o.######..#.#####....
...###.......ho.@..#..#.######.##
..............####.#..#........#
.>†.⌠.)######## #..#.....####
.......#### #..#.###.#####
...###..(.# #.#.†#.###......
.⌠.#......# #.#........<..##
...#......# #.#...........#
..........# #.#...........##
....##'#### #.#..#.........#


You could see an orc warrior, an orc priest, an orc and a jackal.

Vanquished Creatures
  An ogre (D:4)
  2 scorpions
  A water moccasin skeleton (D:3)
  6 adders
  An adder skeleton (D:4)
  3 worms
  3 dart slugs
  11 orcs (D:3)
  6 endoplasms
  3 giant cockroaches
  9 hobgoblins
  11 jackals
  6 kobolds
  A quokka (D:3)
  6 ball pythons
  8 bats
  2 frilled lizards
  10 goblins
  3 rats
93 creatures vanquished.

Vanquished Creatures (others)
  309 foxfires
309 creatures vanquished.

Grand Total: 402 creatures vanquished

Notes
Turn   | Place    | Note
-------+----------+-------------------------------------------
     0 | D:1      | Essalna the Gargoyle Fire Elementalist began the quest for
                  | the Orb.
     0 | D:1      | Reached XP level 1. HP: 10/10 MP: 3/3
   325 | D:1      | Reached XP level 2. HP: 5/15 MP: 0/5
   869 | D:1      | Reached XP level 3. HP: 19/19 MP: 0/6
  1474 | D:2      | Reached XP level 4. HP: 24/24 MP: 2/8
  1852 | D:2      | Found an iron altar of Okawaru.
  2598 | D:3      | Found a faded altar of an unknown god.
  2840 | D:3      | Reached XP level 5. HP: 21/28 MP: 1/9
  2928 | D:3      | Learned a level 4 spell: Flame Wave
  3303 | D:3      | Reached XP level 6. HP: 27/32 MP: 6/11
  3750 | D:4      | Found Ziris's Jewellery Shop.
  4106 | D:4      | Found Riywypp's Book Shop.
  4117 | D:4      | Found Nid Typ's Jewellery Shoppe.
  4201 | D:4      | Found a staircase to the Ecumenical Temple.
  4203 | D:4      | Identified the +3 whip of Watchfulness {vamp, Int+4}
  4226 | Temple   | Entered the Ecumenical Temple
  4312 | Temple   | Became a worshipper of Vehumet
  4443 | D:4      | Noticed an orc warrior
  4473 | D:4      | Killed from afar by an orc priest

Illustrated notes

Levels and vault maps discovered:
D:1:      ncdulo_wetmaze, layout_rooms, wad_floor_pattern_1
D:2:      layout_basic, basic_altar
D:3:      layout_basic, basic_ecumenical_altar
D:4:      layout_basic, minmay_temple_entry_junction_2, serial_shops, shop,
          nicolae_inconvenience_store, nicolae_shop_behind_doors, shop,
          kennysheep_generic_room_2
Temple:   eino_temple_water

Skill      XL: |  1  2  3  4  5  6 |
---------------+-------------------+-----
Conjurations   | 2 3 4 |  4.2
Spellcasting   | 3 |  3.9
Fire Magic     | 4 |  4.9
Fighting       | |  0.6
Armour         | |  0.5
Dodging        | |  1.7
Stealth        | |  2.1
Shields        | |  0.6

Action                   |  1- 3 |  4- 6 || total
-------------------------+-------+-------++-------
Melee: Short sword       |    27 |     8 ||    35
       Unarmed           |     3 |       ||     3
       Dagger            |       |    66 ||    66
 Cast: Foxfire           |    59 |   139 ||   198
  Use: Scroll            |       |     5 ||     5
 Stab: Sleeping          |       |     1 ||     1
Armor: Robe              |     7 |    41 ||    48
Dodge: Dodged            |    25 |    52 ||    77
Block: Buckler           |     1 |    18 ||    19

Table legend: (Time is in decaauts)
 A = Elapsed time spent in this place.
 B = Non-inter-level travel time spent in this place.
 C = Inter-level travel time spent in this place.
 D = Time resting spent in this place.
 E = Time spent auto-exploring this place.
 F = Levels seen in this place.
 G = Mean time per level.
                   A        B        C        D        E       F      G
               +--------+--------+--------+--------+--------+-----+--------+
         Total |   4486 |   4423 |     63 |      0 |   3627 |   5 |  897.2 |
       Dungeon |   4389 |   4336 |     53 |      0 |   3566 |   4 | 1097.2 |
        Temple |     97 |     87 |     10 |      0 |     61 |   1 |   97.0 |
               +--------+--------+--------+--------+--------+-----+--------+

Top non-repeatable levels by time:
     D:3: 1515 daAuts
     D:1: 1323 daAuts
     D:2: 919 daAuts
     D:4: 631 daAuts
  Temple: 97 daAuts
